 Dungeon Crawl Stone Soup version 0.28.0-43-g3370ac3207 (webtiles) character file.

Game seed: 8571706731343254308

679 zcamperz the Chopper (level 7, 0/62 HPs)
             Began as a Minotaur Berserker on Mar 30, 2022.
             Slain by a black bear (2 damage)
             ... created by the rage of Trog
             ... on level 4 of the Dungeon.
             The game lasted 00:04:33 (3100 turns).

zcamperz the Chopper (Minotaur Berserker)           Turns: 3100, Time: 00:04:34

Health: 0/62       AC: 14    Str: 24    XL:     7   Next: 34%
Magic:  6/6        EV:  7    Int:  4    God:
Gold:   258        SH:  0    Dex: 11    Spells: 6/6 levels left

rFire   . . .      SeeInvis .   l - +1 war axe of the Baking Scorpion {pain, rPois rCorr Dex+2 Stlth+}
rCold   . . .      Faith    .   (no shield)
rNeg    . . .      Spirit   .   b - +0 plate armour
rPois   +          Reflect  .   (helmet restricted)
rElec   .          Harm     .   (no cloak)
rCorr   +          Rampage  .   k - +1 pair of gloves
Will    .....                   (no boots)
Stlth   ..........              (no amulet)
HPRegen 0.20/turn               (no ring)
MPRegen 0.10/turn               (no ring)

@: no status effects
A: horns 2, retaliatory headbutt
a: no special abilities


You were on level 4 of the Dungeon.
You visited 1 branch of the dungeon, and saw 4 of its levels.

You collected 258 gold pieces.

Inventory:

Hand Weapons
 a - a +1 hand axe
 l - the +1 war axe of the Baking Scorpion (weapon) {pain, rPois rCorr Dex+2 Stlth+}
   (You found it on level 3 of the Dungeon)

   In the hands of one skilled in necromantic magic, it inflicts extra damage on
   living creatures.
   Dex:       It affects your dexterity (+2).
   rPois:     It protects you from poison.
   rCorr:     It protects you from acid and corrosion.
   Stlth:     It makes you more stealthy.
Armour
 b - a +0 plate armour (worn)
 k - a +1 pair of gloves (worn)
Wands
 i - a wand of iceblast (5)
Scrolls
 e - a scroll of vulnerability {unknown}
 h - 2 scrolls of identify {unknown}
 j - a scroll of blinking
 m - a scroll of teleportation
 n - a scroll of fog {unknown}
Potions
 c - 4 potions of heal wounds {unknown}
 d - 2 potions of curing
 f - a potion of ambrosia {unknown}
 g - 2 potions of might {unknown}


   Skills:
 + Level 5.9 Fighting
 + Level 7.9 Axes
 + Level 4.7 Armour
 + Level 2.9 Dodging
 + Level 0.4 Stealth


You had 6 spell levels left.
You didn't know any spells.
Your spell library was empty.

Dungeon Overview and Level Annotations

Branches:
Dungeon (4/15)
 Temple: D:4-7

Altars:
Elyvilon
Hepliaklqana
Nemelex Xobeh
Vehumet
Zin
The Shining One


Innate Abilities, Weirdness & Mutations

You have a pair of horns on your head.
You reflexively headbutt those who attack you in melee.


Message History

The bullfrog skeleton hits you but does no damage.
You barely miss the bullfrog skeleton.
You headbutt the bullfrog skeleton, but do no damage.
The bullfrog skeleton is severely damaged.
The bullfrog skeleton hits you but does no damage. x2
You slash the bullfrog skeleton!
You destroy the bullfrog skeleton!
An adder and a water moccasin skeleton come into view.
Found 9 gold pieces.
The adder hisses angrily.
Trog sends monsters to punish you. 2 black bears and 4 polar bears come into view.
You hit the black bear. You headbutt the black bear!
The black bear is moderately wounded.
You closely miss the polar bear. The polar bear barely misses you.
The polar bear claws you but does no damage. x2
The polar bear bites you!
The polar bear claws you but does no damage. x2
The black bear bites you but does no damage.
The black bear claws you. The black bear barely misses you.
Found 4 poisoned darts.
The black bear bites you but does no damage.
The black bear claws you but does no damage. x2
The polar bear bites you! The polar bear claws you.
The polar bear claws you but does no damage.
The polar bear bites you!!
* * * LOW HITPOINT WARNING * * *
The polar bear claws you.
* * * LOW HITPOINT WARNING * * *
The polar bear claws you.
* * * LOW HITPOINT WARNING * * *
The polar bear bites you.
* * * LOW HITPOINT WARNING * * *
The polar bear claws you but does no damage.
The polar bear closely misses you.
The black bear bites you but does no damage.
The black bear claws you but does no damage.
The black bear claws you.
You die...

.##.....≈
.......≈≈≈≈≈...$........
.......≈≈≈≈≈≈≈≈≈........
....#.≈≈≈≈≈≈≈≈≈.........
.....P≈≈≈≈≈≈≈≈P.........
......)≈≈≈≈≈≈≈..Z.......
#.....P≈≈≈≈≈≈PP.........
#.....P≈≈≈≈≈..hh........
#......P.≈≈PP.Sh@.......
..........P...hhh....##(
................######
##....<...........#
#....................
#.....############...
####### .. .


You could see 4 polar bears, 2 black bears, an adder and a water moccasin
skeleton.

Vanquished Creatures
  2 ogres
  A centaur (D:3)
  2 phantoms
  A hound (D:4)
  A bullfrog skeleton (D:4)
  Natasha (twice) (D:4)
  An orc wizard (D:4)
  A howler monkey skeleton (D:4)
  6 adders
  An adder skeleton (D:4)
  A worm (D:4)
  2 dart slugs (D:1)
  5 orcs
  7 ball pythons
  8 bats
  7 endoplasms
  A giant cockroach (D:2)
  12 goblins
  12 hobgoblins
  2 kobolds
  2 quokkas
  A frilled lizard (D:2)
  2 rats
80 creatures vanquished.

Vanquished Creatures (others)
  2 plants (D:4)
2 creatures vanquished.

Grand Total: 82 creatures vanquished

Notes
Turn   | Place    | Note
-------+----------+-------------------------------------------
     0 | D:1      | zcamperz the Minotaur Berserker began the quest for the
                  | Orb.
     0 | D:1      | Reached XP level 1. HP: 19/19 MP: 0/0
    12 | D:1      | Found a faded altar of an unknown god.
   512 | D:1      | Reached XP level 2. HP: 27/27 MP: 1/1
   622 | D:1      | Reached skill level 4 in Axes
  1149 | D:2      | Reached XP level 3. HP: 29/33 MP: 2/2
  1241 | D:2      | Noticed an ogre
  1249 | D:2      | Killed an ogre
  1250 | D:2      | Reached skill level 5 in Axes
  1250 | D:2      | Reached XP level 4. HP: 35/41 MP: 3/3
  1475 | D:2      | Reached XP level 5. HP: 46/47 MP: 4/4
  1601 | D:2      | Noticed a phantom
  1612 | D:2      | Killed a phantom
  1613 | D:2      | Reached skill level 5 in Fighting
  1869 | D:2      | Reached ** piety under Trog
  1873 | D:2      | Reached skill level 6 in Axes
  1986 | D:3      | Noticed a centaur
  1993 | D:3      | Killed a centaur
  1994 | D:3      | Reached XP level 6. HP: 56/56 MP: 5/5
  2400 | D:3      | Identified the +1 war axe of the Baking Scorpion {pain,
                  | rPois rCorr Dex+2 Stlth+}
  2510 | D:3      | Found a white marble altar of Elyvilon.
  2510 | D:3      | Found a glowing silver altar of Zin.
  2510 | D:3      | Found a glowing golden altar of the Shining One.
  2588 | D:3      | Found a radiant altar of Vehumet.
  2588 | D:3      | Found a hazy altar of Hepliaklqana.
  2635 | D:3      | Found a sparkling altar of Nemelex Xobeh.
  2791 | D:4      | Reached skill level 7 in Axes
  2898 | D:4      | Reached XP level 7. HP: 62/62 MP: 6/6
  2922 | D:4      | Noticed Natasha
  2931 | D:4      | Killed Natasha
  2939 | D:4      | Noticed Natasha
  2950 | D:4      | Killed Natasha
  3090 | D:4      | Fell from the grace of Trog
  3098 | D:4      | Noticed a polar bear
  3098 | D:4      | Noticed a polar bear
  3098 | D:4      | Noticed a polar bear
  3098 | D:4      | Noticed a polar bear
  3100 | D:4      | HP: 2/62 [polar bear[the rage of Trog] (3)]
  3100 | D:4      | Slain by a black bear

Illustrated notes

Levels and vault maps discovered:
D:1:      tarquinn_simple_flora_water_d, layout_loops_ring,
          basic_ecumenical_altar
D:2:      cheibrodos_greedy_goblins, layout_loops_ring
D:3:      layout_loops_cross, good_gods_mini_temple,
          gammafunk_temple_overflow_pools, nemelex_spade_bored_becter
D:4:      layout_rooms, guppyfry_early_lair_pool, uniq_natasha

Skill      XL: |  1  2  3  4  5  6 |
---------------+-------------------+-----
Fighting       | 4 5 |  5.9
Axes           | 4 5 6 7 |  7.9
Armour         | 3 4 |  4.7
Dodging        | |  2.9
Stealth        | |  0.4

Action                   |  1- 3 |  4- 6 |  7- 9 || total
-------------------------+-------+-------+-------++-------
Melee: Hand axe          |    61 |    69 |       ||   130
       Headbutt          |     7 |    18 |     4 ||    29
       Punch             |     2 |       |       ||     2
       War axe           |       |    30 |    19 ||    49
Invok: Berserk           |     1 |     3 |       ||     4
  Use: Scroll            |       |     5 |       ||     5
Armor: Animal skin       |     4 |       |       ||     4
       Ring mail         |     3 |       |       ||     3
       Plate armour      |    26 |    63 |    27 ||   116
Dodge: Dodged            |    40 |    39 |     9 ||    88
